 Dungeon Crawl Stone Soup version 0.20-a0-642-g4ff03ff (console) character file.

100 nht the Chopper (level 5, -4/41 HPs)
             Began as a Formicid Fighter on Feb 14, 2017.
             Slain by nht's ghost (13 damage)
             ... on level 3 of the Dungeon.
             The game lasted 00:01:48 (1683 turns).

nht the Chopper (Formicid Fighter)                  Turns: 1683, Time: 00:01:49

Health: -4/41      AC:  6    Str: 24 (26) XL:     5   Next: 3%
Magic:  14/14      EV:  8    Int:  5 (8)  God:
Gold:   99         SH:  9    Dex:  7 (10) Spells: 4/4 levels left

rFire    . . .     SeeInvis +   a - +0 war axe
rCold    . . .     Gourm    .   b - +0 scale mail
rNeg     . . .     Faith    .   c - +0 shield
rPois    .         Spirit   .   (helmet unavailable)
rElec    .         Reflect  .   (no cloak)
rCorr    .         Harm     .   (no gloves)
MR       .....                  (no boots)
Stlth    ..........             (no amulet)
Regen    0.2/turn               (no ring)
MPRegen  0.2/turn               g - ring of magical power

@: mighty
A: permanent stasis, dig shafts and tunnels, four strong arms, antennae 3
a: Dig, Shaft Self


You were on level 3 of the Dungeon.
You were not hungry.

You visited 1 branch of the dungeon, and saw 3 of its levels.

You collected 99 gold pieces.

Inventory:

Hand Weapons
 a - a +0 war axe (weapon)
Armour
 b - a +0 scale mail (worn)
 c - a +0 shield (worn)
Jewellery
 g - a ring of magical power (left hand)
Scrolls
 k - 3 scrolls of identify {unknown}
 l - a scroll of teleportation {unknown}
 n - a scroll of remove curse {unknown}
Potions
 i - a potion of heal wounds
Comestibles
 f - 2 bread rations
 h - 3 meat rations
 m - 2 royal jellies


   Skills:
 - Level 3.2 Fighting
 + Level 4.8 Axes
 - Level 3.2 Armour
 - Level 3.6 Shields


You had 4 spell levels left.
You didn't know any spells.

Dungeon Overview and Level Annotations

Branches:
Dungeon (3/15)

Altars:
Ashenzari

Annotations:
D:3 nht's ghost, amateur FoFi


Innate Abilities, Weirdness & Mutations

You cannot be hasted, slowed, berserked, paralysed or teleported.
You can dig through walls and to a lower floor.
Your four strong arms can wield two-handed weapons with a shield.
You have a pair of large antennae on your head. (SInv)


Message History

You bump into the rock wall.
Nht's ghost hits you!
You bump into the rock wall.
Nht's ghost hits you!
You're too confused to move!
Nht's ghost hits you!
You bump into the rock wall.
Nht's ghost closely misses you.
You feel very mighty all of a sudden.
You feel less invigorated.
You feel less confused. Nht's ghost closely misses you.
You closely miss nht's ghost. You block nht's ghost's attack.
You closely miss nht's ghost.
Nht's ghost whispers, "They're coming for you..."
Nht's ghost hits you but does no damage.
You hit nht's ghost.
Nht's ghost is lightly damaged.
Nht's ghost hits you. Nht's ghost hits you!
* * * LOW HITPOINT WARNING * * *
You slash nht's ghost!
Nht's ghost is heavily damaged.
Nht's ghost hits you!
You die... ██████████ █████████

.........███████.......█
██████.█.........W..██.█
██....███████@██.█
█.....█ █.█ .█ ██(..██
█.█ .█ ██.██ █.. .. █.█
███ .█ █.█ .█


██'██ .█ ██...██ ██.....██ You could see nht's ghost.

Vanquished Creatures
  Ijyb (D:2)
  2 adders
  2 worms (D:2)
  A leopard gecko (D:2)
  A ball python (D:1)
  7 bats
  3 giant cockroaches (D:1)
  4 goblins
  6 hobgoblins
  4 jackals (D:1)
  11 frilled lizards
  2 kobolds (D:1)
  7 rats
51 creatures vanquished.

Notes
Turn   | Place    | Note
-------+----------+-------------------------------------------
     0 | D:1      | nht the Formicid Fighter began the quest for the Orb.
     0 | D:1      | Reached XP level 1. HP: 18/18 MP: 1/1
    83 | D:1      | Reached XP level 2. HP: 11/24 MP: 2/2
   297 | D:1      | Reached skill level 3 in Axes
   454 | D:1      | Reached XP level 3. HP: 25/29 MP: 3/3
   959 | D:2      | Noticed Ijyb
   975 | D:2      | Killed Ijyb
   975 | D:2      | Reached skill level 4 in Axes
   975 | D:2      | Reached XP level 4. HP: 21/35 MP: 4/4
  1003 | D:2      | Found a shattered altar of Ashenzari.
  1608 | D:3      | Reached XP level 5. HP: 39/41 MP: 5/5
  1667 | D:3      | Noticed nht's ghost (amateur FoFi)
  1683 | D:3      | Slain by nht's ghost

Vault maps used:
D:1:      elethiomel_arrival_infinity_welcomes_careful_drivers
D:2:      evilmike_ruin_ashenzari, uniq_iyjb
D:3:      gammafunk_temple_overflow_claw, first_bread

Skill      XL: |  1  2  3 |
---------------+----------+-----
Axes           | 3 4 |  4.8
Fighting       | |  3.2
Armour         | |  3.2
Shields        | |  3.6

Action                   |  1- 3 |  4- 6 || total
-------------------------+-------+-------++-------
Melee: War axe           |   112 |    83 ||   195
  Use: Potion            |       |     4 ||     4
  Eat: Chunk             |       |     3 ||     3
Armor: Scale mail        |    48 |    49 ||    97
Dodge: Dodged            |    41 |    28 ||    69
Block: Shield            |    60 |    51 ||   111
